Map: Blueshift LE

Players

Mesrob

  • Race: Terran Terran
  • League: Gold
  • Spawn Location: 1:00

CrackSpider - Winner!

  • Race: Terran Terran
  • League: Gold
  • Spawn Location: 7:00

VOD

Have the link to the VOD?

Description

Time

  • Played on: Jan. 10, 2019, 9:27 a.m.
  • Length: 6:54
Show
View Real Time Build Order
Export as new Build Order

Mesrob Terran 

Build Orders: 2 Factory, Mech 

Get SALT Encoding   

  12  0:00  SCV  
  13  0:12  SCV  
  14  0:17  Supply Depot  
  14  0:24  SCV  
  15  0:38  SCV  
  15  0:40  Barracks  
  16  0:51  Refinery, SCV  
  17  1:03  SCV  
  18  1:15  SCV  
  19  1:27  Orbital Command  
  19  1:38  Marine  
  20  1:40  Command Center  
  20  1:54  SCV  
  20  1:56  Bunker  
  21  2:06  SCV  
  21  2:07  Barracks Tech Lab  
  22  2:10  Factory  
  22  2:23  Refinery  
  22  2:35  Supply Depot  
  22  2:36  Barracks Tech Lab  
  22  2:48  Supply Depot  
  22  2:51  SCV  
  22  2:53  Orbital Command  
  22  2:57  Refinery  
  23  3:01  Factory  
  23  3:19  Siege Tank  
  26  3:24  SCV x2  
  28  3:33  Marine  
  29  3:36  SCV  
  30  3:42  SCV  
  30  3:48  SCV  
  32  3:52  Siege Tank  
  32  3:54  SCV  
  36  3:56  Factory  
  36  4:11  SCV  
  36  4:12  SCV  
  36  4:14  Barracks Reactor  
  38  4:23  Engineering Bay, SCV  
  38  4:24  SCV  
  40  4:26  Armory  
  40  4:36  SCV  
  41  4:50  Command Center  
  41  4:58  Barracks Tech Lab, Supply Depot  
  41  5:00  Supply Depot  
  41  5:12  Hellion x2  
  45  5:19  Thor  
  51  5:25  Thor  
  57  5:32  SCV x2  
  59  5:37  Refinery  
  59  5:42  Hellbat  
  61  5:44  SCV  
  62  5:58  Armory  
  62  6:00  Supply Depot, Barracks Reactor  
  62  6:01  Hellbat, SCV x2  
  66  6:13  SCV x2  
  60  6:22  Supply Depot  
  51  6:25  SCV x2  
  36  6:37  SCV  
  35  6:45  Supply Depot  
Show
View Real Time Build Order
Export as new Build Order

CrackSpider Terran - Winner!

Build Orders:  

Get SALT Encoding   

  12  0:02  SCV  
  14  0:14  SCV  
  14  0:18  Refinery  
  14  0:23  Refinery  
  14  0:26  SCV  
  15  0:42  Supply Depot  
  15  1:03  SCV  
  16  1:05  Barracks  
  16  1:15  SCV  
  17  1:19  Supply Depot  
  17  1:28  SCV  
  18  1:59  Marine, Factory  
  19  2:07  SCV  
  20  2:18  Barracks Reactor  
  20  2:21  SCV  
  21  2:38  SCV  
  22  2:44  Factory Tech Lab  
  22  2:45  Starport  
  22  2:54  Marine x2  
  24  3:03  Siege Tank  
  27  3:08  Orbital Command  
  27  3:11  Marine  
  27  3:12  Marine  
  29  3:18  Supply Depot  
  29  3:21  Medivac  
  31  3:40  Marine x2, Siege Tank  
  36  3:53  Medivac  
  38  3:57  Marine  
  38  4:02  Marine  
  40  4:16  Siege Tank  
  43  4:34  Medivac  
  45  4:38  Marine x2  
  47  5:01  Marine x2  
  47  5:04  Medivac  
  51  5:09  Command Center  
  51  5:17  Siege Tank  
  51  5:19  Marine  
  55  5:54  Supply Depot  
  55  6:08  Marine  
  55  6:16  Marine, Viking  
  58  6:19  Siege Tank  
  61  6:26  Marine  
Tags
 
Composition
Mech
League
GoldGold
Matchup
TvT
Opening
2 Factory
Race
Terran
Replay Pack
sc2 replays
Spawn Locations
Cross Positions
Add a new tag
Caveats
  • Supply blocks, unpowered buildings, or Contaminate may cause inaccurate times.
  • Supply counts are checked every 10 seconds.